 Dungeon Crawl Stone Soup version 0.18.1-6-gd335043 (webtiles) character file.

144 M4edhros the Poker (level 5, -3/41 HPs)
             Began as a Formicid Fighter on May 20, 2016.
             Killed by nerve-wracking pain
             ... invoked by Grinder
              (12 damage)
             ... on level 4 of the Dungeon.
             The game lasted 00:02:27 (1645 turns).

M4edhros the Poker (Formicid Fighter)               Turns: 1645, Time: 00:02:28

Health: -3/41      AC:  8    Str: 25    XL:     5   Next: 51%
Magic:  5/5        EV:  9    Int: 13    God:
Gold:   102        SH:  4    Dex: 11    Spells: 0 memorised, 4 levels left

rFire  . . .     SeeInvis +     a - +0 trident
rCold  . . .     Gourm    .     b - +0 scale mail
rNeg   . . .     Faith    .     s - +0 buckler (curse)
rPois  .         Spirit   .     (helmet unavailable)
rElec  .         Dismiss  .     (no cloak)
rCorr  .         Reflect  .     (no gloves)
SustAt .         Harm     .     (no boots)
MR     .....                    (no amulet)
Stlth  ..........               i - +2 ring of protection
                                g - +1 ring of slaying

@: mighty, brilliant, flying, not resistant to hostile enchantments, extremely
unstealthy
A: permanent stasis, dig shafts and tunnels, four strong arms, antennae 3
a: Dig, Shaft Self


You were on level 4 of the Dungeon.
You were hungry.

You visited 1 branch of the dungeon, and saw 4 of its levels.

You collected 102 gold pieces.

Inventory:

Hand Weapons
 a - a +0 trident (weapon)
Armour
 b - a +0 scale mail (worn)
 c - a +0 shield
 s - a cursed +0 buckler (worn)
Jewellery
 g - a +1 ring of slaying (left hand)
 h - an uncursed ring of resist corrosion
 i - a +2 ring of protection (right hand)
Wands
 r - a wand of paralysis (15/24)
Scrolls
 e - a scroll of teleportation {unknown}
 j - 2 scrolls of noise {unknown}
 m - a scroll of remove curse {unknown}
 q - a scroll of magic mapping {unknown}
 t - a scroll of enchant armour {unknown}
Potions
 d - 3 potions of might
Comestibles
 f - a bread ration
 u - a meat ration


   Skills:
 - Level 3.2 Fighting
 + Level 5.3 Polearms
 - Level 3.2 Armour
 - Level 3.6 Shields


You had 4 spell levels left.
You didn't know any spells.

Dungeon Overview and Level Annotations

Branches:
Dungeon (4/15)
 Temple: D:4-7

Altars:
Kikubaaqudgha
Vehumet

Annotations:
D:4 Grinder


Innate Abilities, Weirdness & Mutations

You are under a permanent stasis effect.
You can dig through walls and to a lower floor.
Your four strong arms can wield two-handed weapons with a shield.
You have a pair of large antennae on your head (SInv).


Message History

Grinder is heavily wounded.
Grinder barely misses you.
You closely miss Grinder.
Grinder is heavily wounded.
Grinder hits you.
You writhe in agony.
* * * LOW HITPOINT WARNING * * *
You hit Grinder.
Grinder is heavily wounded.
Grinder closely misses you.
Drink which item? (? for menu, Esc to quit)
You feel better. Grinder hits you.
* * * LOW HITPOINT WARNING * * *
You writhe in agony.
* * * LOW HITPOINT WARNING * * *
You puncture Grinder!
Grinder is almost dead.
Grinder grins, showing sharp teeth.
Grinder gestures at you. Pain shoots through your body!
You die...

###### ....##########
#.......5@..# .
#......####...... .##
#......# ######### ..#
#......# #........
..######.....)###........
#........................
#..#####(.....###%.......
#..### #......# #........
#....###......# #.......o


You could see Grinder.

Vanquished Creatures
  4 gnolls (D:2)
  2 adders (D:2)
  3 worms
  4 dart slugs
  10 orcs
  4 giant cockroaches
  6 goblins
  8 hobgoblins
  4 jackals (D:1)
  8 kobolds
  A ball python (D:1)
  A bat (D:2)
  4 giant newts
  5 rats
64 creatures vanquished.

Notes
Turn   | Place    | Note
--------------------------------------------------------------
     0 | D:1      | M4edhros the Formicid Fighter began the quest for the Orb.
     0 | D:1      | Reached XP level 1. HP: 18/18 MP: 1/1
    58 | D:1      | Reached XP level 2. HP: 24/24 MP: 2/2
   108 | D:1      | Reached skill level 3 in Polearms
   204 | D:1      | Reached XP level 3. HP: 27/29 MP: 3/3
   735 | D:2      | Reached skill level 4 in Polearms
   735 | D:2      | Reached XP level 4. HP: 35/35 MP: 4/4
   977 | D:2      | Reached XP level 5. HP: 20/41 MP: 5/5
  1046 | D:2      | Found an ancient bone altar of Kikubaaqudgha.
  1184 | D:2      | Reached skill level 5 in Polearms
  1195 | D:2      | Found a radiant altar of Vehumet.
  1601 | D:4      | Noticed Grinder
  1645 | D:4      | Killed from afar by Grinder

Skill      XL: |  1  2  3  4  5 |
---------------+----------------+-----
Polearms       | 3 4 5 |  5.3
Fighting       | |  3.2
Armour         | |  3.2
Shields        | |  3.6

Action                   |  1- 3 |  4- 6 || total
-------------------------+-------+-------++-------
Melee: Trident           |    76 |   149 ||   225
  Use: Potion            |       |     8 ||     8
  Eat: Chunk             |       |     2 ||     2
Armor: Scale mail        |    23 |    66 ||    89
Dodge: Dodged            |    12 |    46 ||    58
Block: Shield            |    25 |    65 ||    90
       Buckler           |       |     2 ||     2
